TOP OF THE 1ST |
Spokane Trappers batting - Pitching for District 9 Prawns : RHP Bret McJannett
|
Pitching: RHP Bret McJannett
|
|
Batting: RHB Octávio Zúñiga
|
0-0: Ball 1-0: Ball 2-0: Called Strike 2-1: Called Strike 2-2: Ball 3-2: Base on Balls
|
Batting: RHB Tony Hernández
|
0-0: Swinging Strike 0-1: Foul Ball, location: 2F 0-2: Ball 1-2: Strikes out swinging
|
Batting: RHB Enrique Soto
|
0-0: Fly out, F5 (Popup, 56)
|
Batting: RHB Enrico Rodríguez
|
0-0: Ball Throwing error on steal attempt, E2 Octávio Zúñiga to third 1-0: Called Strike 1-1: Ground out 6-3 (Groundball, 56)
|
Top of the 1st over - 0 run(s), 0 hit(s), 1 error(s), 1 left on base; Spokane 0 - District 9 0 |
BOTTOM OF THE 1ST |
District 9 Prawns batting - Pitching for Spokane Trappers : RHP Michael Morris
|
Pitching: RHP Michael Morris
|
|
Batting: SHB José Estreito
|
0-0: Foul Ball, location: 2F 0-1: Swinging Strike 0-2: Ground out 5-3 (Groundball, 56)
|
Batting: RHB José Colón
|
0-0: Swinging Strike 0-1: Called Strike 0-2: Foul Ball, location: 2F 0-2: Ball 1-2: Ball 2-2: Strikes out looking
|
Batting: RHB Felipe Jareño
|
0-0: Ball 1-0: Ball 2-0: SINGLE (Groundball, 6MD)
|
Batting: RHB Jesús Cruz
|
0-0: Fly out, F8 (Flyball, 8LM)
|
Bottom of the 1st over - 0 run(s), 1 hit(s), 0 error(s), 1 left on base; Spokane 0 - District 9 0 |
TOP OF THE 2ND |
Spokane Trappers batting - Pitching for District 9 Prawns : RHP Bret McJannett
|
Batting: RHB John Craig
|
0-0: Ground out 6-3 (Groundball, 6)
|
Batting: LHB Will Hill
|
0-0: Called Strike 0-1: Fly out, F7 (Flyball, 7LS)
|
Batting: RHB Jacob Hill
|
0-0: Ball 1-0: Ball 2-0: SINGLE (Groundball, 6D)
|
Batting: RHB Ramiro Ross
|
0-0: Ball 1-0: Called Strike 1-1: Foul Ball, location: 2F 1-2: Ball 2-2: Strikes out swinging
|
Top of the 2nd over - 0 run(s), 1 hit(s), 0 error(s), 1 left on base; Spokane 0 - District 9 0 |
BOTTOM OF THE 2ND |
District 9 Prawns batting - Pitching for Spokane Trappers : RHP Michael Morris
|
Batting: RHB Reynold Akker
|
0-0: Ball 1-0: Ball 2-0: Foul Ball, location: 2F 2-1: Called Strike 2-2: Strikes out swinging
|
Batting: LHB Al Bartlett
|
0-0: Ball 1-0: Swinging Strike 1-1: Swinging Strike 1-2: Ball 2-2: Reached on error, E4 (Groundball, 4S)
|
Batting: RHB Carlos Flores
|
0-0: Called Strike 0-1: Ball 1-1: Ball 2-1: Ball 3-1: Base on Balls Al Bartlett to second
|
Batting: LHB Leonard Harvey
|
0-0: Ball 1-0: Called Strike 1-1: Called Strike 1-2: Foul Ball, location: 2F 1-2: Foul Ball, location: 2F 1-2: Ball 2-2: Foul Ball, location: 2F 2-2: Ball 3-2: Grounds into double play, 4-6-3 (Groundball, 4)
|
Bottom of the 2nd over - 0 run(s), 0 hit(s), 1 error(s), 1 left on base; Spokane 0 - District 9 0 |
TOP OF THE 3RD |
Spokane Trappers batting - Pitching for District 9 Prawns : RHP Bret McJannett
|
Batting: RHB Trent Rasmussen
|
0-0: Ball 1-0: Fly out, F9 (Flyball, 9LS)
|
Batting: RHB Octávio Zúñiga
|
0-0: Ball 1-0: Bunt for hit - play at first, batter OUT! 1-3
|
Batting: RHB Tony Hernández
|
0-0: Called Strike 0-1: Ball 1-1: Fly out, F9 (Flyball, 9LM)
|
Top of the 3rd over - 0 run(s), 0 hit(s), 0 error(s), 0 left on base; Spokane 0 - District 9 0 |
BOTTOM OF THE 3RD |
District 9 Prawns batting - Pitching for Spokane Trappers : RHP Michael Morris
|
Batting: RHB Phil Jacobs
|
0-0: Ground out 5-3 (Groundball, 5S)
|
Batting: SHB José Estreito
|
0-0: Ball 1-0: SOLO HOME RUN (Flyball, 78XD), Distance : 427 ft
|
Batting: RHB José Colón
|
0-0: Foul Ball, location: 2F 0-1: Swinging Strike 0-2: Ball 1-2: Ball 2-2: Strikes out swinging
|
Batting: RHB Felipe Jareño
|
0-0: Foul Ball, location: 2F 0-1: Swinging Strike 0-2: Strikes out swinging
|
Bottom of the 3rd over - 1 run(s), 1 hit(s), 0 error(s), 0 left on base; Spokane 0 - District 9 1 |
TOP OF THE 4TH |
Spokane Trappers batting - Pitching for District 9 Prawns : RHP Bret McJannett
|
Batting: RHB Enrique Soto
|
0-0: Called Strike 0-1: Called Strike 0-2: Ball 1-2: Fly out, F8 (Flyball, 89D)
|
Batting: RHB Enrico Rodríguez
|
0-0: Ball 1-0: Swinging Strike 1-1: Foul Ball, location: 2F 1-2: Strikes out swinging
|
Batting: RHB John Craig
|
0-0: Ground out U3 (Groundball, 34)
|
Top of the 4th over - 0 run(s), 0 hit(s), 0 error(s), 0 left on base; Spokane 0 - District 9 1 |
BOTTOM OF THE 4TH |
District 9 Prawns batting - Pitching for Spokane Trappers : RHP Michael Morris
|
Batting: RHB Jesús Cruz
|
0-0: Ball 1-0: Ball 2-0: Swinging Strike 2-1: Swinging Strike 2-2: Ball 3-2: Foul Ball, location: 2F 3-2: Ground out 5-3 (Groundball, 5)
|
Batting: RHB Reynold Akker
|
0-0: Ball 1-0: Called Strike 1-1: Ground out 4-3 (Groundball, 4)
|
Batting: LHB Al Bartlett
|
0-0: Called Strike 0-1: Swinging Strike 0-2: Foul Ball, location: 2F 0-2: Ball 1-2: Fly out, F7 (Flyball, 7)
|
Bottom of the 4th over - 0 run(s), 0 hit(s), 0 error(s), 0 left on base; Spokane 0 - District 9 1 |
TOP OF THE 5TH |
Spokane Trappers batting - Pitching for District 9 Prawns : RHP Bret McJannett
|
Batting: LHB Will Hill
|
0-0: Foul Ball, location: 2F 0-1: Ball 1-1: Called Strike 1-2: Ball 2-2: Ball 3-2: Foul Ball, location: 2F 3-2: SINGLE (Flyball, 78S)
|
Batting: RHB Jacob Hill
|
0-0: Ball 1-0: Reached on error, E6 (Groundball, 6) Will Hill to second
|
Batting: RHB Ramiro Ross
|
0-0: Grounds into double play, 6-4-3 (Groundball, 6) Will Hill to third
|
Batting: RHB Trent Rasmussen
|
0-0: Called Strike 0-1: Swinging Strike 0-2: Ball 1-2: Ball 2-2: Ground out 6-3 (Groundball, 6)
|
Top of the 5th over - 0 run(s), 1 hit(s), 1 error(s), 1 left on base; Spokane 0 - District 9 1 |
BOTTOM OF THE 5TH |
District 9 Prawns batting - Pitching for Spokane Trappers : RHP Michael Morris
|
Batting: RHB Carlos Flores
|
0-0: Ball 1-0: Called Strike 1-1: Called Strike 1-2: Strikes out swinging
|
Batting: LHB Leonard Harvey
|
0-0: Hit by Pitch
|
Batting: RHB Phil Jacobs
|
0-0: Called Strike 0-1: Foul Ball, location: 2F 0-2: Strikes out swinging
|
Batting: SHB José Estreito
|
0-0: Called Strike 0-1: SINGLE (Groundball, 34D) Leonard Harvey to second Runner from 2nd tries for 3rd, SAFE, throw made to third José Estreito to second
|
Batting: RHB José Colón
|
0-0: SINGLE (Line Drive, 7LM) Leonard Harvey scores José Estreito to third Runner from 3rd tries for Home, SAFE, no throw
|
Batting: RHB Felipe Jareño
|
0-0: Ball 1-0: Fly out, F4 (Line Drive, 4M)
|
Bottom of the 5th over - 2 run(s), 2 hit(s), 0 error(s), 1 left on base; Spokane 0 - District 9 3 |
TOP OF THE 6TH |
Spokane Trappers batting - Pitching for District 9 Prawns : RHP Bret McJannett
|
Batting: RHB Octávio Zúñiga
|
0-0: Ball 1-0: Ball 2-0: Called Strike 2-1: Foul Ball, location: 2F 2-2: Foul Ball, location: 2F 2-2: Strikes out swinging
|
Batting: RHB Tony Hernández
|
0-0: Called Strike 0-1: Ground out 6-3 (Groundball, 6)
|
Batting: RHB Enrique Soto
|
0-0: Ball 1-0: Ball 2-0: Ball 3-0: Called Strike 3-1: Ground out 5-3 (Groundball, 56)
|
Top of the 6th over - 0 run(s), 0 hit(s), 0 error(s), 0 left on base; Spokane 0 - District 9 3 |
BOTTOM OF THE 6TH |
District 9 Prawns batting - Pitching for Spokane Trappers : RHP Michael Morris
|
Batting: RHB Jesús Cruz
|
0-0: Called Strike 0-1: Ball 1-1: SOLO HOME RUN (Flyball, 7D), Distance : 395 ft
|
Batting: RHB Reynold Akker
|
0-0: Ball 1-0: Ball 2-0: Foul Ball, location: 2F 2-1: Ground out 6-3 (Groundball, 6M)
|
Batting: LHB Al Bartlett
|
0-0: Swinging Strike 0-1: Called Strike 0-2: Strikes out swinging
|
Batting: RHB Carlos Flores
|
0-0: Ball 1-0: SINGLE (Line Drive, 7S)
|
Batting: LHB Leonard Harvey
|
0-0: Ball 1-0: Foul Ball, location: 2F 1-1: Swinging Strike 1-2: Ball 2-2: Strikes out swinging
|
Bottom of the 6th over - 1 run(s), 2 hit(s), 0 error(s), 1 left on base; Spokane 0 - District 9 4 |
TOP OF THE 7TH |
Spokane Trappers batting - Pitching for District 9 Prawns : RHP Bret McJannett
|
Batting: RHB Enrico Rodríguez
|
0-0: Ball 1-0: Foul Ball, location: 2F 1-1: Ball 2-1: Ball 3-1: DOUBLE (Flyball, 8RXD)
|
Batting: RHB John Craig
|
0-0: Ball 1-0: Foul Ball, location: 2F 1-1: Ball 2-1: Called Strike 2-2: Strikes out swinging
|
Batting: LHB Will Hill
|
0-0: SINGLE (Groundball, 6D) Enrico Rodríguez to third Runner from 3rd tries for Home, SAFE, throw made home
|
Batting: RHB Jacob Hill
|
0-0: Called Strike 0-1: Called Strike 0-2: Ball 1-2: Foul Ball, location: 2F 1-2: SINGLE (Groundball, 56D) Will Hill to second
|
Batting: RHB Ramiro Ross
|
0-0: Ball 1-0: Foul Ball, location: 2F 1-1: Swinging Strike 1-2: Ball 2-2: Fly out, F9 (Flyball, 9LM)
|
Batting: RHB Trent Rasmussen
|
0-0: Called Strike 0-1: Swinging Strike 0-2: Fly out, F9 (Flyball, 9S)
|
Top of the 7th over - 1 run(s), 3 hit(s), 0 error(s), 2 left on base; Spokane 1 - District 9 4 |
BOTTOM OF THE 7TH |
District 9 Prawns batting - Pitching for Spokane Trappers : RHP Michael Morris
|
Batting: RHB Phil Jacobs
|
0-0: Swinging Strike 0-1: Swinging Strike 0-2: Foul Ball, location: 2F 0-2: Ball 1-2: Foul Ball, location: 2F 1-2: Ball 2-2: Fly out, F7 (Line Drive, 7)
|
Pitching: LHP Adrián León
|
|
Batting: SHB José Estreito
|
0-0: Swinging Strike 0-1: Ball 1-1: Called Strike 1-2: Ball 2-2: Ball 3-2: Fly out, F3 (Popup, 34)
|
Batting: RHB José Colón
|
0-0: Ground out 6-3 (Groundball, 6)
|
Bottom of the 7th over - 0 run(s), 0 hit(s), 0 error(s), 0 left on base; Spokane 1 - District 9 4 |
TOP OF THE 8TH |
Spokane Trappers batting - Pitching for District 9 Prawns : RHP Bret McJannett
|
Batting: RHB Octávio Zúñiga
|
0-0: Ball 1-0: Ball 2-0: Ball 3-0: Called Strike 3-1: Foul Ball, location: 2F 3-2: Foul Ball, location: 2F 3-2: Foul Ball, location: 2F 3-2: Base on Balls
|
Pitching: RHP Mike Stabler
|
|
Batting: RHB Tony Hernández
|
0-0: Ball 1-0: Called Strike 1-1: Ground out 5-3 (Groundball, 56) Octávio Zúñiga to second
|
Pitching: RHP José Huerta
|
|
Batting: RHB Enrique Soto
|
0-0: Fly out, F9 (Flyball, 9S)
|
Batting: RHB Enrico Rodríguez
|
0-0: Ground out 6-3 (Groundball, 56)
|
Top of the 8th over - 0 run(s), 0 hit(s), 0 error(s), 1 left on base; Spokane 1 - District 9 4 |
BOTTOM OF THE 8TH |
District 9 Prawns batting - Pitching for Spokane Trappers : LHP Adrián León
|
Batting: RHB Felipe Jareño
|
0-0: Ball 1-0: Ball 2-0: Ball 3-0: Base on Balls
|
Batting: RHB Jesús Cruz
|
0-0: Foul Ball, location: 2F 0-1: Foul Ball, location: 2F 0-2: Foul Ball, location: 2F 0-2: Ball 1-2: Ball 2-2: Foul Ball, location: 2F 2-2: Ball 3-2: Fly out, F7 (Flyball, 7LSF)
|
Batting: RHB Reynold Akker
|
0-0: Foul Ball, location: 2F 0-1: Ball 1-1: Ball 2-1: Foul Ball, location: 2F 2-2: Ball 3-2: Strikes out looking
|
Batting: LHB Al Bartlett
|
0-0: Foul Ball, location: 2F 0-1: Foul Ball, location: 2F 0-2: Foul Ball, location: 2F 0-2: DOUBLE (Line Drive, 7LD) Felipe Jareño to third
|
Batting: RHB Carlos Flores
|
0-0: Ball 1-0: Called Strike 1-1: Called Strike 1-2: Foul Ball, location: 2F 1-2: Strikes out swinging
|
Bottom of the 8th over - 0 run(s), 1 hit(s), 0 error(s), 2 left on base; Spokane 1 - District 9 4 |
TOP OF THE 9TH |
Spokane Trappers batting - Pitching for District 9 Prawns : RHP José Huerta
|
Pitching: RHP Ignacio Morales
|
|
Batting: RHB John Craig
|
0-0: Ball 1-0: Called Strike 1-1: Ball 2-1: Foul Ball, location: 2F 2-2: Strikes out swinging
|
Batting: LHB Will Hill
|
0-0: Ball 1-0: Called Strike 1-1: Ball 2-1: Ball 3-1: Foul Ball, location: 2F 3-2: Strikes out looking
|
Batting: RHB Jacob Hill
|
0-0: Ball 1-0: SINGLE (Groundball, 56S) (infield hit)
|
Batting: RHB Ramiro Ross
|
0-0: Called Strike 0-1: Ball 1-1: Ball 2-1: Ball 3-1: Called Strike 3-2: Base on Balls Jacob Hill to second
|
Pinch Hitting: RHB Jackson Gibson
|
0-0: Called Strike 0-1: Called Strike 0-2: Ball 1-2: Strikes out swinging
|
Top of the 9th over - 0 run(s), 1 hit(s), 0 error(s), 2 left on base; Spokane 1 - District 9 4 |
|